 Dungeon Crawl Stone Soup version 0.29.1-1-gd02db6906a (webtiles) character file.

Game seed: 7909304805384462139

57843 holycorn the Warrior (level 14, -7/223 HPs)
             Began as a Minotaur Berserker on Sept 21, 2022.
             Was a High Priest of Trog.
             Mangled by an alligator (14 damage)
             ... on level 2 of the Swamp.
             The game lasted 00:46:55 (18588 turns).

holycorn the Warrior (Minotaur Berserker)          Turns: 18588, Time: 00:46:56

Health: -7/223     AC: 22    Str: 27    XL:     14   Next: 47%
Magic:  13/13      EV:  9    Int:  4    God:    Trog [*****.]
Gold:   1431       SH:  0    Dex: 15    Spells: 13/13 levels left

rFire   . . .      SeeInvis +   w - +11 mace of the Extremes {speed, Dex+5}
rCold   . . .      Faith    .   (no shield)
rNeg    . . .      Spirit   .   J - +0 plate armour
rPois   .          Reflect  .   (helmet restricted)
rElec   .          Harm     .   i - +0 cloak
rCorr   .          Rampage  .   N - +0 pair of gloves
Will    +....                   r - +1 pair of boots
Stlth   ..........              (no amulet)
HPRegen 0.47/turn               m - +4 ring of protection
MPRegen 0.13/turn               f - ring of see invisible

@: berserking (expiring), corroded, very quick
A: horns 2, retaliatory headbutt
a: Renounce Religion, Berserk, Trog's Hand, Brothers in Arms


You were on level 2 of the Swamp.
You worshipped Trog.
Trog was extremely pleased with you.
You visited 3 branches of the dungeon, and saw 16 of its levels.

You collected 1431 gold pieces.

Inventory:

Hand Weapons
 a - a +2 antimagic great mace
 w - the +11 mace of the Extremes (weapon) {speed, Dex+5}
   (You found it on level 4 of the Dungeon)

   Attacks with this weapon are significantly faster.
   Dex:       It affects your dexterity (+5).
 S - a +3 war axe
Missiles
 C - 6 throwing nets (quivered)
Armour
 i - a +0 cloak (worn)
 r - a +1 pair of boots (worn)
 J - a +0 plate armour (worn)
 L - +0 fire dragon scales
 N - a +0 pair of gloves (worn)
Jewellery
 f - a ring of see invisible (right hand)
 h - a ring of protection from fire
 m - a +4 ring of protection (left hand)
 y - a ring of protection from fire
 A - a +6 ring of dexterity
Wands
 t - a wand of roots (17)
 v - a wand of mindburst (8)
 x - a wand of paralysis (4)
 O - a wand of digging (19)
 R - a wand of flame (13)
Scrolls
 b - a scroll of enchant armour
 g - a scroll of acquirement {unknown}
 k - 3 scrolls of fog
 n - 9 scrolls of teleportation
 p - 3 scrolls of enchant weapon
 D - 3 scrolls of amnesia
 F - 2 scrolls of blinking
 H - 2 scrolls of poison
 I - 2 scrolls of immolation
 K - 3 scrolls of magic mapping
 T - 2 scrolls of brand weapon {unknown}
 V - 2 scrolls of identify
 X - a scroll of silence {unknown}
Potions
 c - a potion of resistance
 d - a potion of ambrosia
 e - 14 potions of curing
 j - a potion of lignification
 l - a potion of magic
 q - 2 potions of cancellation
 s - 2 potions of flight
 u - 2 potions of brilliance
 z - 3 potions of degeneration
 B - 2 potions of attraction {unknown}
 G - 2 potions of heal wounds
 P - a potion of might {unknown}
 Q - 4 potions of haste
 U - 2 potions of mutation
Miscellaneous
 M - a condenser vane
 W - a box of beasts


   Skills:
 * Level 20.8 Fighting
 - Level 12.2(14.2) Axes
 - Level 12.1(14.2) Maces & Flails
 + Level 15.1 Armour
 - Level 2.2 Dodging


You had 13 spell levels left.
You didn't know any spells.
Your spell library was empty.

Dungeon Overview and Level Annotations

Branches:
Dungeon (9/15)             Temple (0/1) D:6            Lair (5/5) D:9
  Swamp (2/4) Lair:3
  Snake: Lair:2-3    Spider: Lair:2-3     Slime: Lair:4-5       Orc: D:9-12

Altars:
Cheibriados
Dithmenos
Elyvilon
Gozag
Hepliaklqana
Makhleb
Nemelex Xobeh
Okawaru
Qazlal
Sif Muna
Trog
Wu Jian
Xom
Zin
The Shining One
Jiyva

Shops:
D:4 ?   D:6 (   D:8 ?

Portals:
Hell: Lair:5

Annotations:
D:8 2 transporters, Powertoast's ghost, novice HOFi
Lair:4 exclusion: 3 oklob plants


Innate Abilities, Weirdness & Mutations

You have a pair of horns on your head.
You reflexively headbutt those who attack you in melee.


Message History

The spriggan rider closely misses you.
Your Armour skill increases to level 15!
The alligator puts on a burst of speed!
You feel a strong urge to attack something.
The spriggan rider hits you but does no damage.
The goliath frog hits you but does no damage.
You thump the goliath frog! Your headbutt misses the goliath frog.
The goliath frog is moderately wounded.
You bludgeon the goliath frog!!
The goliath frog is almost dead.
The spriggan rider hits you from afar with a +0 spear.
* * * LOW HITPOINT WARNING * * *
The goliath frog hits you but does no damage.
You barely miss the goliath frog.
The goliath frog is almost dead.
You bludgeon the goliath frog!!
You kill the goliath frog!
Trog accepts your kill.
You feel a strong urge to attack something.
The spriggan rider hits you but does no damage.
You thump the spriggan rider! You headbutt the spriggan rider!
The spriggan rider is moderately wounded.
You closely miss the spriggan rider.
Your headbutt misses the spriggan rider.
The spriggan rider is moderately wounded.
The spriggan rider hits you with a +0 spear.
* * * LOW HITPOINT WARNING * * *
You sock the spriggan rider! You headbutt the spriggan rider!
The spriggan rider is severely wounded.
You sock the spriggan rider!
You kill the hornet!
Trog accepts your kill.
The spriggan falls from its now dead mount.
The spriggan is almost dead.
You closely miss the spriggan. You headbutt the spriggan.
You feel the power of Trog in you as your rage grows.
You kill the spriggan!
Trog accepts your kill. The alligator bites you!
You die...

~.♣ ~.. ~~♣ ..
♣♣♣♣♣~..~..).♣...
.♣♣♣~~~.~....~~~~.~~
♣~.....~...~~§~....§ ♣
♣.~§~.........~.....
.♣♣♣♣)~~~.##.#..#..~....
~~~..~~~~~#.....#.~...~~
~.~~~~~§..#....)#..~~.~~
~~~~~..~~.~.....@t.~~~~~
~~~~~~~~~.......#..~~~§~
..~~~~~~~~~~..^.#..~~~~~
♣~~~~~~~~~~~~~..#..~~...
♣♣....~~~~~~~...#.~..~♣♣
♣♣...§~~....♣###.♣~...♣
♣♣÷.~.~§...♣♣ .♣♣.~~.
♣<~~.~...~♣♣ ♣♣ ~~~♣
♣.~)~.~~.[♣


You could see an alligator (swift).

Vanquished Creatures
  A thorn hunter (Swamp:1)
  3 eleionomae
  A bunyip (Swamp:2)
  A fire dragon (D:9)
  10 hydras
  3 catoblepae
  An alligator (Swamp:1)
  A death yak (Lair:3)
  5 spriggans
  A sixfirhy (Lair:5)
  A goliath frog (Swamp:2)
  A wizard (Lair:5)
  8 bog bodies
  Pikel (D:5)
  A cyclops (D:9)
  A wolf spider (Lair:3)
  3 will-o-the-wisps
  16 elephants
  Maurice (D:9)
  3 black mambas
  A torpor snail (Lair:3)
  A smoke demon (Lair:5)
  18 cane toads
  4 rime drakes
  Psyche (D:9)
  Maggie (D:6)
  2 orange demons (Lair:5)
  2 komodo dragons
  2 ice devils (Lair:5)
  A red devil (Lair:5)
  A bloated husk (Swamp:2)
  4 polar bears
  3 tyrant leeches
  Prince Ribbit (D:5)
  7 blink frogs
  8 hornets
  Grinder (D:6)
  Sigmund (D:3)
  A shadow (D:9)
  3 wyverns
  32 yaks
  Grum (D:9)
  3 basilisks
  11 vampire mosquitoes
  A steam dragon (D:9)
  8 swamp worms
  An acid dragon (D:9)
  16 water moccasins
  A sky beast (D:7)
  Pargi (D:3)
  5 hell hounds (Lair:5)
  3 black bears
  2 ice beasts
  6 wolves
  A centaur (D:5)
  A lemure (D:5)
  2 phantoms (D:4)
  3 kobold brigands
  10 bullfrogs
  2 gnoll sergeants
  5 scorpions
  3 electric eels (Lair:3)
  Crazy Yiuf (D:5)
  2 hounds
  3 jellies
  4 orc priests
  3 gnoll boudas
  6 iguanas
  11 hell rats
  Ijyb (D:3)
  3 orc wizards
  Robin (D:2)
  7 adders
  20 gnolls
  A shadow imp (D:8)
  2 ufetubi
  3 worms
  4 dart slugs
  16 orcs
  4 bats
  6 endoplasms
  3 giant cockroaches
  17 goblins
  10 hobgoblins
  3 jackals (D:1)
  3 quokkas
  3 ball pythons
  4 frilled lizards
  24 kobolds
  3 rats
412 creatures vanquished.

Vanquished Creatures (others)
  18 foxfires
  5 fungi
  7 plants
30 creatures vanquished.

Grand Total: 442 creatures vanquished

Notes
Turn   | Place    | Note
-------+----------+-------------------------------------------
     0 | D:1      | holycorn the Minotaur Berserker began the quest for the
                  | Orb.
     0 | D:1      | Reached XP level 1. HP: 19/19 MP: 0/0
    96 | D:1      | Reached XP level 2. HP: 26/27 MP: 1/1
   162 | D:1      | Reached skill level 4 in Fighting
   383 | D:1      | Reached ** piety under Trog
   384 | D:1      | Reached XP level 3. HP: 23/33 MP: 2/2
  1124 | D:2      | You fall into a shaft and drop 2 floors!
  1134 | D:4      | Reached skill level 5 in Axes
  1193 | D:4      | Reached XP level 4. HP: 40/41 MP: 3/3
  1296 | D:3      | Noticed Pargi
  1311 | D:3      | Killed Pargi
  1312 | D:3      | Reached XP level 5. HP: 16/47 MP: 4/4
  1626 | D:3      | Noticed Sigmund
  1646 | D:3      | Killed Sigmund
  1647 | D:3      | Reached skill level 5 in Fighting
  1647 | D:3      | Reached XP level 6. HP: 44/56 MP: 5/5
  1891 | D:3      | Noticed Ijyb
  1897 | D:3      | Killed Ijyb
  2010 | D:2      | Found a faded altar of an unknown god.
  2055 | D:2      | Identified the +1 helmet "Taogrigh" {*Slow rC+ Str+5
                  | Stlth+}
  2055 | D:2      | Noticed Robin
  2066 | D:2      | Killed Robin
  2398 | D:4      | Found an ornate altar of the Wu Jian Council.
  2407 | D:4      | Reached XP level 7. HP: 59/61 MP: 6/6
  2431 | D:4      | Reached *** piety under Trog
  2468 | D:4      | Found Kauraeng's Magic Scroll Emporium.
  2651 | D:4      | Identified the +11 mace of the Extremes {speed, Dex+5}
  2903 | D:5      | Entered Level 5 of the Dungeon
  2903 | D:5      | Noticed Pikel
  2911 | D:5      | Killed Pikel
  2912 | D:5      | Reached skill level 6 in Fighting
  2912 | D:5      | Reached skill level 10 in Axes
  2912 | D:5      | Reached skill level 1 in Maces & Flails
  2912 | D:5      | Reached XP level 8. HP: 70/70 MP: 7/7
  2962 | D:5      | Found a snail-covered altar of Cheibriados.
  3235 | D:5      | Noticed Prince Ribbit
  3250 | D:5      | Killed Prince Ribbit
  3397 | D:5      | Found a bloodstained altar of Trog.
  3425 | D:5      | Reached **** piety under Trog
  3541 | D:5      | Found a runed translucent door.
  3542 | D:5      | Noticed Crazy Yiuf
  3548 | D:5      | Killed Crazy Yiuf
  3858 | D:6      | Noticed Grinder
  3866 | D:6      | Paralysed by Grinder for 3 turns
  3867 | D:6      | Noticed Maggie
  3879 | D:6      | Killed Grinder
  3880 | D:6      | Reached skill level 7 in Fighting
  3880 | D:6      | Reached XP level 9. HP: 73/79 MP: 8/8
  3890 | D:6      | Killed Maggie
  3891 | D:6      | Reached skill level 5 in Maces & Flails
  3922 | D:6      | Found a staircase to the Ecumenical Temple.
  4381 | D:6      | Found Zanalad's Antique Weapon Shop.
  4608 | D:7      | Found a hazy altar of Hepliaklqana.
  4663 | D:7      | Reached skill level 8 in Fighting
  5312 | D:7      | Found a stormy altar of Qazlal.
  5312 | D:7      | Found a shimmering blue altar of Sif Muna.
  5313 | D:7      | Found a burning altar of Makhleb.
  5323 | D:7      | Found a sparkling altar of Nemelex Xobeh.
  5548 | D:8      | Reached skill level 9 in Fighting
  5699 | D:8      | Found an iron altar of Okawaru.
  5847 | D:8      | Reached XP level 10. HP: 84/91 MP: 9/9
  5931 | D:8      | Found a white marble altar of Elyvilon.
  5932 | D:8      | Found a glowing silver altar of Zin.
  5935 | D:8      | Found a glowing golden altar of the Shining One.
  5964 | D:8      | Found Niwkiz's Magic Scroll Boutique.
  6040 | D:8      | Noticed a moth of wrath
  6050 | D:8      | Noticed Powertoast's ghost (novice HOFi)
  6054 | D:8      | Reached skill level 10 in Maces & Flails
  6103 | D:8      | Found a transporter.
  6141 | D:8      | Found a transporter.
  6178 | D:8      | Found a shadowy altar of Dithmenos.
  6378 | D:9      | Reached skill level 10 in Fighting
  6494 | D:9      | Found a shimmering altar of Xom.
  6494 | D:9      | Found a shimmering altar of Xom.
  6494 | D:9      | Found a shimmering altar of Xom.
  6497 | D:9      | Found a shimmering altar of Xom.
  6498 | D:9      | Found a shimmering altar of Xom.
  6499 | D:9      | Found a shimmering altar of Xom.
  6499 | D:9      | Found a shimmering altar of Xom.
  6531 | D:9      | Found a staircase to the Lair.
  6531 | D:9      | Noticed a fire dragon
  6548 | D:9      | Killed a fire dragon
  6560 | D:9      | Noticed Grum
  6780 | D:9      | Noticed Maurice
  6787 | D:9      | Killed Maurice
  6913 | D:9      | Killed Grum
  6914 | D:9      | Reached skill level 11 in Fighting
  7160 | D:9      | Found an opulent altar of Gozag.
  7650 | D:9      | Noticed Psyche
  7658 | D:9      | Killed Psyche
  7659 | D:9      | Reached XP level 11. HP: 100/102 MP: 10/10
  8222 | Lair:1   | Entered Level 1 of the Lair of Beasts
  8249 | Lair:1   | Reached skill level 12 in Fighting
  8414 | Lair:1   | Reached skill level 5 in Armour
  9510 | Lair:2   | Noticed a seven-headed hydra
  9519 | Lair:2   | Killed a seven-headed hydra
  9520 | Lair:2   | Reached skill level 13 in Fighting
  9826 | Lair:2   | You fall into a shaft and drop 2 floors!
  9826 | Lair:4   | Noticed a seven-headed hydra
  9844 | Lair:4   | Killed a seven-headed hydra
  9948 | Lair:4   | Reached skill level 14 in Fighting
  9967 | Lair:4   | Reached ***** piety under Trog
 10201 | Lair:4   | Reached XP level 12. HP: 112/118 MP: 11/11
 10405 | Lair:4   | Reached skill level 15 in Fighting
 11224 | Lair:3   | Reached skill level 16 in Fighting
 11503 | Lair:3   | Noticed a four-headed hydra
 11504 | Lair:3   | Noticed a death yak
 11529 | Lair:3   | Killed a death yak
 11533 | Lair:3   | Killed a four-headed hydra
 11780 | Lair:3   | Noticed a five-headed hydra
 11780 | Lair:3   | Noticed a six-headed hydra
 11790 | Lair:3   | Killed a five-headed hydra
 11791 | Lair:3   | Reached skill level 10 in Armour
 11796 | Lair:3   | Reached skill level 17 in Fighting
 11799 | Lair:3   | Killed a six-headed hydra
 12285 | Lair:3   | Noticed a catoblepas
 12299 | Lair:3   | Killed a catoblepas
 12593 | Lair:3   | Reached XP level 13. HP: 127/133 MP: 12/12
 12751 | Lair:3   | Reached skill level 18 in Fighting
 13220 | Lair:3   | Found a staircase to the Swamp.
 13581 | Swamp:1  | Entered Level 1 of the Swamp
 13871 | Swamp:1  | Noticed an eleionoma
 13879 | Swamp:1  | Killed an eleionoma
 14054 | Swamp:1  | Noticed an eleionoma
 14066 | Swamp:1  | Killed an eleionoma
 14628 | Swamp:1  | Reached skill level 19 in Fighting
 15275 | Lair:4   | Found a viscous altar of Jiyva.
 15494 | Lair:5   | Entered Level 5 of the Lair of Beasts
 16130 | Lair:5   | Received a gift from Trog
 16409 | Lair:5   | Reached XP level 14. HP: 140/147 MP: 13/13
 16952 | Lair:5   | Found a burning altar of Makhleb.
 16959 | Lair:5   | Reached skill level 20 in Fighting
 17055 | Lair:5   | Found a gateway to Hell.
 17062 | Lair:5   | Identified the +2 robe of Xekuh {rC+ Dex+3}
 17630 | Swamp:2  | Noticed a thorn hunter
 17645 | Swamp:1  | Killed a thorn hunter
 18573 | Swamp:2  | HP: 11/223 [acid (6)]
 18575 | Swamp:2  | Reached skill level 15 in Armour
 18578 | Swamp:2  | HP: 7/223 [spriggan rider/+0 spear (6)]
 18584 | Swamp:2  | HP: 7/223 [spriggan rider/+0 spear (1)]
 18588 | Swamp:2  | Mangled by an alligator

Illustrated notes

Levels and vault maps discovered:
D:1:      nicolae_arrival_washed_ashore, layout_rooms, nrook_mini_vaults
D:2:      minmay_angry_zag, layout_rooms, basic_ecumenical_altar, uniq_robin
D:3:      layout_basic, minmay_misc_feat_alley, minmay_misc_feat_columns,
          uniq_sigmund, uniq_ijyb, uniq_pargi
D:4:      layout_basic, mainiacjoe_overflow_brackets, serial_shops,
          nicolae_stop_n_shop_1
D:5:      layout_cave_pools, mainiacjoe_overflow_concentric_impassable,
          trog_hazing_becter, uniq_prince_ribbit1, uniq_pikel,
          uniq_crazy_yiuf_cottage
D:6:      layout_loops_ring, minmay_temple_entry_junction, serial_shops,
          nicolae_lakefront_shop, uniq_grinder, uniq_maggie
D:7:      layout_rooms, nzn_hepliaklqana_mist_gate,
          nicolae_overflow_quartered_altars, david_defended_altar_orc
D:8:      layout_loops_ring, good_gods_temple_1, okawaru_metal_pillars_1_2,
          overflow_temple_1_default, gammafunk_ghost_berserking_beasts,
          serial_shops, nicolae_shop_temple_entry_statues_fountains
D:9:      layout_layer_cave, mainiacjoe_overflow_alcove_2, xom_redecorated,
          minmay_lair_entry_lava, uniq_maurice, uniq_grum, uniq_psyche
Lair:1:   layout_loops_ring, grunt_megastairs_1, infiniplex_staircase_pool_2,
          lemuel_fruit_fields
Lair:2:   layout_chaotic_city, minmay_snake_entry_guardpost_small
Lair:3:   nzn_winding_woodlands_large [nzn_winding_woodlands_5x5_open_star,
          nzn_winding_woodlands_5x15_twine, nzn_winding_woodlands_5x5_three,
          nzn_winding_woodlands_center_pierced_h,
          nzn_winding_woodlands_15x15_boxy_spiral,
          nzn_winding_woodlands_center_triple_pond,
          nzn_winding_woodlands_5x5_perimeter,
          nzn_winding_woodlands_5x15_default, nzn_winding_woodlands_5x5_cross],
          layout_chaotic_city, nicolae_swamp_entry_splash_gauntlet, st_stairs_8,
          chequers_serial_rivers_large_b, serial_bayou_pond_e,
          gammafunk_lair_bear_cave
Lair:4:   layout_cave_pods, minmay_slime_entry_oklob_enclosed,
          nicolae_volcano_entry_lava_flow, grunt_megastairs_5
Lair:5:   evil_forest, layout_regular_city, st_stairs_3, minivault_25
Swamp:1:  layout_basic_swamp, hangedman_swamp_blocks, swamp_pool3,
          nicolae_swamp_feature_on_the_river_bank, infiniplex_staircase_pool
Swamp:2:  layout_basic_swamp, evilmike_swamp_ruin_house_2, uniq_mlioglotl

Skill      XL: |  1  2  3  4  5  6  7  8  9 10 11 12 13 14 |
---------------+-------------------------------------------+-----
Axes           | 4 5 6 7 8 10 12 | 12.2
Fighting       | 4 5 6 7 9 11 14 17 19 20 | 20.8
Maces & Flails | 1 4 9 12 | 12.1
Armour         | 3 8 10 13 15 | 15.1
Dodging        | |  2.2

Action                   |  1- 3 |  4- 6 |  7- 9 | 10-12 | 13-15 || total
-------------------------+-------+-------+-------+-------+-------++-------
Melee: Hand axe          |    89 |    20 |       |       |       ||   109
       Headbutt          |    13 |    17 |    31 |   125 |   111 ||   297
       Punch             |     3 |     2 |     3 |     6 |     4 ||    18
       War axe           |       |    84 |    20 |       |       ||   104
       Mace              |       |       |   207 |   501 |   423 ||  1131
Invok: Berserk           |       |     1 |     3 |     5 |     5 ||    14
       Trog's Hand       |       |       |     1 |     1 |     1 ||     3
  Use: Scroll            |       |     7 |     2 |     9 |     6 ||    24
       Potion            |       |       |       |       |     2 ||     2
 Stab: Petrified         |       |       |       |       |     7 ||     7
Armor: Animal skin       |     8 |       |       |       |       ||     8
       Ring mail         |    19 |    58 |    64 |       |       ||   141
       Plate armour      |       |       |     9 |   212 |   273 ||   494
Dodge: Dodged            |    60 |    65 |   104 |   128 |   122 ||   479
